 Dungeon Crawl Stone Soup version 0.13-b1-9-g87fe349 (webtiles) character file.

12668 tictac the Cloud Mage (level 11, -12/64 HPs)
             Began as a High Elf Air Elementalist on Sept 29, 2013.
             Was a High Priest of Vehumet.
             Killed by an exploding ball lightning (22 damage)
             ... set off by their pet
             ... on Level 5 of the Lair of Beasts.
             The game lasted 00:57:41 (14797 turns).

tictac the Cloud Mage (High Elf Air Elementalist)  Turns: 14797, Time: 00:57:41

HP -12/64        AC 15     Str  7      XL: 11   Next: 56%
MP  30/38        EV 15     Int 22      God: Vehumet [*****.]
Gold 679         SH  0     Dex 17      Spells:  9 memorised,  0 levels left

Res.Fire  : + + .   See Invis. : .   r - +5,+4 elf long sword (slice)
Res.Cold  : . . .   Warding    : .   p - +2 mottled dragon armour "Qiep" {rF++ Dam+ Life Prot.: . . . Conserve : + (no shield)
Res.Poison: .       Res.Corr.  : .   N - +0 horned helmet
Res.Elec. : .       Clarity    : .   (no cloak)
Sust.Abil.: . .     Spirit.Shd : .   K - +2 pair of gauntlets
Res.Mut.  : .       Stasis     : .   g - +0 pair of boots (curse)
Res.Rott. : .       Flight     : .   D - amulet of conservation
Saprovore : . . .                    y - ring of magical power
                                     k - +1 ring of protection

@: quick, somewhat resistant to hostile enchantments, unstealthy
A: no striking features
a: Renounce Religion


You were on level 5 of the Lair of Beasts.
You worshipped Vehumet.
Vehumet was extremely pleased with you.
You were hungry.

You visited 2 branches of the dungeon, and saw 13 of its levels.
You also visited: Sewer.

You collected 659 gold pieces.

Inventory:

Hand weapons
 f - a +1,+0 elven dagger (quivered)
 r - a +5,+4 elven long sword of slicing (weapon)
Armour
 g - a cursed +0 pair of boots (worn)
 p - the +2 mottled dragon armour "Qiep" (worn) {rF++ Dam+5}
   (You found it on level 5 of the Dungeon)

   It affects your damage-dealing abilities (+5).
   It greatly protects you from fire.
 K - a +2 pair of gauntlets (worn)
 N - a +0 horned helmet (worn)
Magical devices
 m - a wand of disintegration (12)
 u - a wand of fire (13) {unknown}
 x - a wand of enslavement (14)
 B - a wand of lightning (5)
 E - a wand of cold (6)
Comestibles
 c - 5 bread rations
 q - a pear
 z - a chunk of bat flesh
 C - 6 meat rations
Scrolls
 d - 7 scrolls of teleportation
 h - 2 scrolls of blinking
 j - a scroll of fog
 n - 4 scrolls of remove curse
Jewellery
 b - an uncursed amulet of resist corrosion {unknown}
 k - a +1 ring of protection (left hand)
 l - an uncursed amulet of the gourmand
 y - a ring of magical power (right hand)
 D - an amulet of conservation (around neck)
Potions
 e - a potion of invisibility
 i - 3 potions of magic
 o - a potion of restore abilities
 s - a potion of brilliance
 t - 4 potions of agility
 v - 7 potions of curing
 w - 2 potions of speed
 I - a potion of heal wounds
Books
 a - a book of Burglary

   Spells                             Type                      Level
   Apportation                        Translocation                1
   *Swiftness                         Charms/Air                   2
   Passwall                           Transmutation/Earth          3
   Passage of Golubria                Translocation                4
   Lee's Rapid Deconstruction         Earth                        5
   Darkness                           Hexes                        7


   Skills:
 - Level 3.6 Fighting
 - Level 8.2 Long Blades
 - Level 4.0 Armour
 - Level 7.7 Dodging
 - Level 2.1 Stealth
 - Level 9.2 Spellcasting
 + Level 10.0 Conjurations
 + Level 10.2 Air Magic


You couldn't memorise any spells.
You knew the following spells:

 Your Spells              Type           Power        Failure   Level  Hunger
a - Shock                 Conj/Air       ####         1%          1    None
b - Swiftness             Chrm/Air       ####......   1%          2    None
c - Iskenderun's Mystic   Conj           ######..     1%          4    ##.....
d - Flight                Chrm/Air       ####......   2%          3    None
e - Lightning Bolt        Conj/Air       ######....   1%          5    ####...
f - Freeze                Ice            ##..         2%          1    None
g - Repel Missiles        Chrm/Air       ####......   1%          2    None
h - Dazzling Spray        Conj/Hex       ####....     1%          3    None
i - Conjure Ball Lightni  Conj/Air       ######....   45%         7    #######


Dungeon Overview and Level Annotations

Branches:
Dungeon (8/27)             Temple (0/1) D:6            Lair (5/8) D:8
 Spider (0/5) Lair:3
    Orc: D:6-11       Swamp: Lair:3-6    Shoals: Lair:3-6     Snake: Lair:3-6

Altars:
Vehumet
Xom
Yredelemnul
the Shining One

Annotations:
D:6 Zurvan's ghost, experienced MiBe
Lair:2 exclusion: oklob plant


Message History

* * * LOW HITPOINT WARNING * * *
You hear a clap of thunder!
Vehumet accepts your kill.
You feel a bit more experienced.
The blast of lightning engulfs the crocodile.
You kill the crocodile!
Vehumet accepts your kill.
You feel your power returning.
Your ball lightning explodes!
You hear a clap of thunder!
The blast of lightning engulfs the wolf.
You kill the wolf!
Vehumet accepts your kill.
You feel your power returning.
Your Conjurations skill increases to level 10!
The blast of lightning engulfs the green rat.
You kill the green rat!
Vehumet accepts your kill.
You feel your power returning. The blast of lightning engulfs you!
You die...

.................................
#.......<........................
...............................S.
...............................Fh
.....................h........FF.
.........).....................h.
..................*%.............
.................#%..............
................@%#f...#.........
..............##.#.%...#.........
.........P..######.#.............
............# ##....#......>...
#..........#### #.#.###..#.......
#..........###.##...# ..........
..............#.##.## ........
.............#......# .....
......%............P# ....


You could see a wolf.

Vanquished Creatures
  Joseph (D:8)
  3 elephants (Lair:4)
  2 black mambas (Lair:4)
  3 spiny frogs
  A polar bear (Lair:4)
  7 blink frogs
  2 basilisks
  10 yaks
  2 wolves (Lair:5)
  2 hippogriffs (Lair:3)
  An orc warrior (D:6)
  3 porcupines
  A black bear (D:8)
  A boring beetle (Lair:4)
  A phantom (D:8)
  2 ogres
  9 crocodiles
  10 giant frogs
  A big kobold (Sewer)
  9 water moccasins
  2 agate snails (Lair:1)
  A wyvern skeleton (D:7)
  A vampire bat (D:7)
  10 crimson imps
  A goliath beetle (D:7)
  2 giant frog zombies
  An orc priest (D:7)
  7 hounds
  3 jellies
  5 spiders (Lair:3)
  7 worker ants
  An orc wizard (D:8)
  3 scorpions
  A big fish (Sewer)
  9 iguanas
  Ijyb (D:2)
  A big kobold zombie (D:8)
  An ogre skeleton (D:5)
  4 sheep (Lair:1)
  A hound zombie (D:6)
  Terence (D:3)
  13 adders
  4 gnolls
  22 green rats
  A giant centipede (D:5)
  An inept item mimic (D:5)
  2 giant mites
  6 worms
  3 adder skeletons
  An adder zombie (D:7)
  6 grey rats
  4 giant geckos
  2 oozes
  8 orcs
  A bat skeleton (D:6)
  6 giant cockroaches
  10 goblins
  8 hobgoblins
  15 kobolds
  8 quokkas
  2 ball pythons
  29 bats
  7 giant newts
  A giant spore (D:6)
  A goblin skeleton (D:4)
  19 jackals
  A jackal zombie (D:5)
  2 orc zombies
  18 rats
  A rat zombie (D:8)
  2 ballistomycetes (D:6)
  2 fungi
340 creatures vanquished.

Vanquished Creatures (collateral kills)
  A ball lightning (Lair:5)
1 creature vanquished.

Vanquished Creatures (others)
  A rat (D:2)
  2 fungi (D:8)
3 creatures vanquished.

Grand Total: 344 creatures vanquished

Notes
Turn   | Place    | Note
--------------------------------------------------------------
     0 | D:1      | tictac, the High Elf Air Elementalist, began the quest for the Orb.
     0 | D:1      | Reached XP level 1. HP: 11/11 MP: 4/4
   232 | D:1      | Reached XP level 2. HP: 17/17 MP: 0/6
  1228 | D:1      | Reached XP level 3. HP: 21/21 MP: 5/8
  1597 | D:2      | Noticed Ijyb
  1606 | D:2      | Killed Ijyb
  1924 | D:2      | Reached XP level 4. HP: 24/27 MP: 6/12
  1971 | D:2      | Learned a level 2 spell: Swiftness
  1975 | D:2      | Learned a level 3 spell: Static Discharge
  2152 | D:2      | Found a basalt altar of Yredelemnul.
  2162 | D:2      | Noticed a profane servitor
  2174 | D:2      | Found a glowing golden altar of the Shining One.
  2175 | D:2      | Noticed an angel
  2557 | D:3      | Reached skill level 4 in Conjurations
  2785 | D:3      | Reached XP level 5. HP: 31/31 MP: 8/14
  3066 | D:3      | Noticed Terence
  3094 | D:3      | Killed Terence
  3960 | D:4      | Reached skill level 5 in Conjurations
  4162 | D:4      | Reached XP level 6. HP: 32/36 MP: 2/16
  4392 | D:4      | Reached skill level 5 in Air Magic
  4524 | D:5      | Entered Level 5 of the Dungeon
  4663 | D:5      | Got a heavily runed mottled dragon armour
  4677 | D:5      | Identified the +2 mottled dragon armour "Qiep" {rF++ Dam+5} (You found it on level 5 of the Dungeon)
  4889 | D:5      | Reached skill level 6 in Conjurations
  4956 | D:5      | Reached XP level 7. HP: 26/41 MP: 12/18
  5001 | D:5      | Found a glowing drain.
  5015 | Sewer    | Entered a sewer
  5181 | Sewer    | Learned a level 3 spell: Flight
  5564 | Sewer    | Found a white marble altar of Elyvilon.
  6230 | D:6      | Found a radiant altar of Vehumet.
  6233 | D:6      | Reached skill level 1 in Armour
  6249 | D:6      | Became a worshipper of Vehumet
  6274 | D:6      | Noticed Zurvan's ghost (experienced MiBe)
  6584 | D:6      | Learned a level 5 spell: Lightning Bolt
  6606 | D:6      | Reached skill level 5 in Spellcasting
  6606 | D:6      | Reached XP level 8. HP: 46/46 MP: 22/22
  6791 | D:6      | Reached skill level 1 in Long Blades
  7167 | D:6      | Found a staircase to the Ecumenical Temple.
  7596 | D:7      | Reached skill level 5 in Long Blades
  7811 | D:7      | Acquired Vehumet's first power
  7811 | D:7      | Offered knowledge of Freeze by Vehumet.
  7814 | D:7      | Learned a level 1 spell: Freeze
  8035 | D:7      | Reached skill level 1 in Fighting
  8750 | D:8      | Reached XP level 9. HP: 50/53 MP: 22/24
  8758 | D:8      | Offered knowledge of Searing Ray by Vehumet.
  8764 | D:8      | Learned a level 2 spell: Repel Missiles
  8795 | D:8      | Found a shimmering altar of Xom.
  8814 | D:8      | Found a staircase to the Lair.
  8840 | D:8      | Reached skill level 5 in Dodging
  8923 | D:8      | Noticed Joseph
  8962 | D:8      | Killed Joseph
  8962 | D:8      | Reached skill level 7 in Dodging
  9078 | D:8      | Offered knowledge of Dazzling Spray by Vehumet.
  9307 | D:8      | Acquired Vehumet's second power
  9421 | D:8      | Learned a level 3 spell: Dazzling Spray
  9438 | Lair:1   | Entered Level 1 of the Lair of Beasts
  9824 | Lair:1   | Offered knowledge of Iskenderun's Mystic Blast by Vehumet.
  9858 | Lair:1   | Learned a level 4 spell: Iskenderun's Mystic Blast
 10435 | Lair:1   | Reached XP level 10. HP: 51/60 MP: 27/27
 10922 | Lair:2   | Reached skill level 8 in Long Blades
 10964 | Lair:2   | Acquired Vehumet's third power
 11142 | Lair:2   | Found a shimmering altar of Xom.
 11180 | Lair:2   | Noticed an oklob plant
 11250 | Lair:2   | Offered knowledge of Throw Icicle by Vehumet.
 11936 | Lair:3   | Found a hole to the Spider Nest.
 13078 | Lair:4   | Noticed an elephant
 13080 | Lair:4   | Noticed an elephant
 13080 | Lair:4   | Noticed an elephant
 13094 | Lair:4   | Killed an elephant
 13275 | Lair:4   | Reached XP level 11. HP: 57/64 MP: 29/29
 13403 | Lair:4   | Noticed a black mamba
 13420 | Lair:4   | Killed a black mamba
 13999 | Lair:4   | Killed an elephant
 13999 | Lair:4   | Reached skill level 9 in Air Magic
 14018 | Lair:4   | Killed an elephant
 14338 | Lair:4   | Offered knowledge of Conjure Ball Lightning by Vehumet.
 14638 | Lair:5   | Learned a level 7 spell: Conjure Ball Lightning
 14719 | Lair:5   | Reached skill level 10 in Air Magic
 14797 | Lair:5   | Reached skill level 10 in Conjurations
 14797 | Lair:5   | Killed by an exploding ball lightning... set off by their pet

Action                   |  1- 3 |  4- 6 |  7- 9 | 10-12 || total
-------------------------+-------+-------+-------+-------++-------
Melee: Dagger            |    28 |       |       |       ||    28
       Long sword        |       |    44 |   224 |   200 ||   468
Throw: Dagger            |       |       |       |     1 ||     1
 Cast: Shock             |    78 |   199 |   258 |   110 ||   645
       Swiftness         |       |     2 |     9 |    10 ||    21
       Flight            |       |       |     2 |     2 ||     4
       Lightning Bolt    |       |       |     2 |    37 ||    39
       Freeze            |       |       |     1 |     5 ||     6
       Static Discharge  |       |       |     1 |       ||     1
       Dazzling Spray    |       |       |       |     2 ||     2
       Conjure Ball Ligh |       |       |       |     1 ||     1
Evoke: Wand              |       |       |     4 |     5 ||     9
  Use: Scroll            |     2 |    11 |    17 |     6 ||    36
       Potion            |       |     3 |     3 |     4 ||    10
 Stab: Sleeping          |       |     1 |     3 |     2 ||     6
       Invisible         |       |       |       |     1 ||     1
